 Dungeon Crawl Stone Soup version 0.19-a0-1344-g0798fd6 (webtiles) character file.

45 JuicyBBC the Conjurer (level 3, -7/21 HPs)
             Began as an Octopode Conjurer on Sept 1, 2016.
             Killed from afar by an orc wizard (8 damage)
             ... with a puff of flame
             ... on level 3 of the Dungeon.
             The game lasted 00:02:05 (1638 turns).

JuicyBBC the Conjurer (Octopode Conjurer)           Turns: 1638, Time: 00:02:06

Health: -7/21      AC:  1    Str:  7    XL:     3   Next: 64%
Magic:  0/7        EV: 13    Int: 18    God:
Gold:   111        SH:  0    Dex: 12    Spells: 1 memorised, 6 levels left

rFire  . . .     SeeInvis .     m - +0 dagger (drain)
rCold  . . .     Gourm    .     (no shield)
rNeg   . . .     Faith    .     (helmet restricted)
rPois  .         Spirit   .     (no amulet)
rElec  .         Dismiss  .     (no ring)
rCorr  .         Reflect  .     (no ring)
MR     .....     Harm     .     (no ring)
Stlth  +++.......               (no ring)
                                (no ring)
                                (no ring)
                                (no ring)
                                (no ring)

@: no status effects
A: almost no armour, stealthy swim, amphibious, 8 rings, constrict 8, camouflage
1, gelatinous body 1
a: no special abilities


You were on level 3 of the Dungeon.
You were not hungry.

You visited 1 branch of the dungeon, and saw 3 of its levels.

You collected 111 gold pieces.

Inventory:

Hand Weapons
 g - a +0 whip
 l - a +0 spear
 m - a +0 dagger of draining (weapon)
Scrolls
 c - a scroll of amnesia {unknown}
 d - 3 scrolls of identify {unknown}
 f - 2 scrolls of magic mapping {unknown}
 h - 3 scrolls of recharging {unknown}
 i - a scroll of teleportation {unknown}
 k - 3 scrolls of blinking {unknown}
 n - a scroll of fear {unknown}
Potions
 e - a potion of haste {unknown}
Books
 a - a book of Conjurations

   Spells                             Type                      Level
   a - Magic Dart                     Conjuration                  1
   b - Searing Ray                    Conjuration                  2
   c - Dazzling Spray                 Conjuration/Hexes            3
   d - Fulminant Prism                Conjuration/Hexes            4
   e - Iskenderun's Mystic Blast      Conjuration                  4
   f - Iskenderun's Battlesphere      Conjuration/Charms           5
Comestibles
 b - 3 bread rations
 j - 4 meat rations


   Skills:
 - Level 2.0 Dodging
 - Level 2.6 Stealth
 * Level 2.9 Spellcasting
 + Level 4.6 Conjurations


You had 6 spell levels left.
You knew the following spells:

 Your Spells              Type           Power        Failure   Level  Hunger
a - Magic Dart            Conj           ###.         2%          1    None


Dungeon Overview and Level Annotations

Branches:
Dungeon (3/15)

Altars:
Dithmenos


Innate Abilities, Weirdness & Mutations

You cannot wear most types of armour.
You are very stealthy in the water.
You are amphibious.
You can wear up to eight rings at the same time.
You can use your tentacles to constrict eight enemies at once.
Your skin changes colour to match your surroundings (Stealth+).
Your rubbery body absorbs attacks. (AC +1, EV +1)


Message History

Casting: Magic Dart
Confirm with . or Enter, or press ? or * to list all spells.
Aiming: Magic Dart
Press: ? - help, Shift-Dir - straight line, f/p - orc wizard
Aim: an orc wizard, wielding a spear and wearing a robe (severely wounded)
The magic dart hits the orc wizard.
The orc wizard is almost dead.
The orc wizard points at you and mumbles some strange words.
The magic dart hits you!
* * * LOW HITPOINT WARNING * * *
Casting: Magic Dart
Confirm with . or Enter, or press ? or * to list all spells.
Aiming: Magic Dart
Press: ? - help, Shift-Dir - straight line, f/p - orc wizard
Aim: an orc wizard, wielding a spear and wearing a robe (almost dead)
The magic dart hits the orc wizard.
The orc wizard is almost dead.
The orc wizard casts a spell at you. The puff of flame hits you!
You die...

#######.......#.........#
.....##.).....##'#......#
.....##.......##.#......#
..............##.#....#>#
......<.......##.#.#.####
..............##.#.#+##
......................#
.....#####....#.......#
.....# #......@.o...# .
###### #....).......# ..
#.....[......# .o.
#............# ).
###..........######.#
#..............)o.#
#...........#######
#...#######.# ##### #.#


You could see an orc wizard.

Vanquished Creatures
  2 adders (D:2)
  A dart slug (D:2)
  2 orcs (D:3)
  4 bats
  A giant cockroach (D:2)
  2 goblins (D:2)
  2 hobgoblins
  A ball python (D:1)
  4 kobolds (D:1)
  4 rats (D:1)
23 creatures vanquished.

Notes
Turn   | Place    | Note
-------+----------+-------------------------------------------
     0 | D:1      | JuicyBBC the Octopode Conjurer began the quest for the Orb.
     0 | D:1      | Reached XP level 1. HP: 11/11 MP: 3/3
   385 | D:1      | Reached XP level 2. HP: 17/17 MP: 5/5
   796 | D:2      | Found a shadowy altar of Dithmenos.
   839 | D:2      | Reached XP level 3. HP: 15/21 MP: 0/7
  1637 | D:3      | HP: 1/21 [orc wizard/magic dart (7)]
  1638 | D:3      | Killed from afar by an orc wizard

Vault maps used:
D:1:      lemuel_arrival_broad_hall
D:2:      grunt_dithmenos_smoke_and_mirrors, first_bread
D:3:      uniq_jessica

Action                   || total
-------------------------++-------
Melee: Whip              ||    12
       Constrict         ||    14
       Unarmed           ||     4
       Tentacles         ||    10
       Spear             ||    12
       Dagger            ||    22
 Cast: Magic Dart        ||    16
  Use: Potion            ||     1
 Stab: Sleeping          ||     7
  Eat: Chunk             ||     2
Armor: Skin              ||     6
Dodge: Dodged            ||    32
